 Dungeon Crawl Stone Soup version 0.18-a0-1774-gce1f7b6 (webtiles) character file.

11776 M4edhros the Blocker (level 11, -1/62 HPs)
             Began as an Octopode Necromancer on Apr 15, 2016.
             Was a High Priest of Cheibriados.
             Slain by a manticore (8 damage)
             ... on level 13 of the Dungeon.
             The game lasted 00:47:26 (7973 turns).

M4edhros the Blocker (Octopode Necromancer)         Turns: 7973, Time: 00:47:27

Health: -1/62      AC:  7    Str: 20    XL:     11   Next: 83%
Magic:  14/17      EV: 18    Int: 31    God:    Cheibriados [*****.]
Gold:   519        SH: 14    Dex: 33    Spells: 5 memorised, 4 levels left

rFire  . . .     SeeInvis .       - Unarmed
rCold  . . .     Gourm    .     j - +0 shield {AC+3}
rNeg   . . .     Faith    .     l - +2 hat
rPois  +         Spirit   .     c - amulet of regeneration
rElec  .         Dismiss  .     q - ring of poison resistance
rCorr  +         Reflect  .     C - ring of resist corrosion
SustAt .         Harm     .     (no ring)
MR     .....                    (no ring)
Stlth  +++++.....               (no ring)
                                (no ring)
                                (no ring)
                                (no ring)

@: agile, regenerating (expiring), very slow, not resistant to hostile
enchantments, quite stealthy
A: almost no armour, amphibious, 8 rings, constrict 8, rugged brown scales 1,
camouflage 1, clever 1, gelatinous body 1, subdued magic 1
a: Bend Time, Temporal Distortion, Slouch, Step From Time, Renounce Religion


You were on level 13 of the Dungeon.
You worshipped Cheibriados.
Cheibriados was extremely pleased with you.
You were not hungry.

You visited 2 branches of the dungeon, and saw 14 of its levels.

You collected 704 gold pieces.
You spent 185 gold pieces at shops.

Inventory:

Hand Weapons
 m - a +0 hunting sling
 r - a +4 war axe
 E - a +2 trident of piercing
Missiles
 d - 6 curare-tipped needles
 g - 427 stones
 k - 63 poisoned needles
 p - 9 tomahawks (quivered)
 w - 55 sling bullets
 M - 15 silver sling bullets
 T - 11 sling bullets of flame
 V - 8 poisoned sling bullets
Armour
 j - a +0 shield of protection (worn)
 l - a +2 hat (worn)
Jewellery
 c - an amulet of regeneration (around mantle)
 q - a ring of poison resistance (left tentacle)
 C - a ring of resist corrosion (right tentacle)
Wands
 s - a wand of confusion (0/48)
 z - a wand of lightning (0/15)
 B - a wand of digging (5/24)
 H - a wand of iceblast (4/15)
 L - a wand of confusion (14/48)
 N - a wand of flame (0/48)
 U - a wand of digging (7/24)
 W - a wand of slowing (23/48)
Scrolls
 f - a scroll of amnesia
 h - 3 scrolls of enchant weapon
 i - 5 scrolls of remove curse
 o - 4 scrolls of teleportation
 v - a scroll of immolation
 K - 2 scrolls of magic mapping
Potions
 n - 4 potions of brilliance
 u - a potion of invisibility
 D - a potion of might
 G - a potion of resistance
 Q - a potion of magic
 S - a potion of cure mutation
Books
 a - a book of Necromancy

   Spells                             Type                      Level
   a - Pain                           Necromancy                   1
   b - Animate Skeleton               Necromancy                   1
   c - Vampiric Draining              Necromancy                   3
   d - Regeneration                   Charms/Necromancy            3
   e - Animate Dead                   Necromancy                   4
   f - Control Undead                 Necromancy                   4
 y - a book of Power

   Spells                             Type                      Level
   a - Fulminant Prism                Conjuration/Hexes            4
   b - Iskenderun's Mystic Blast      Conjuration                  4
   c - Venom Bolt                     Conjuration/Poison           5
   d - Bolt of Magma                  Conjuration/Fire/Earth       5
   e - Iron Shot                      Conjuration/Earth            6
   f - Orb of Destruction             Conjuration                  7
   g - Spellforged Servitor           Conjuration/Summoning        7
 O - a book of the Earth

   Spells                             Type                      Level
   a - Leda's Liquefaction            Hexes/Earth                  4
   b - Bolt of Magma                  Conjuration/Fire/Earth       5
   c - Statue Form                    Transmutation/Earth          6
   d - Iron Shot                      Conjuration/Earth            6
   e - Shatter                        Earth                        9
 R - a book of Air

   Spells                             Type                      Level
   a - Shock                          Conjuration/Air              1
   b - Swiftness                      Charms/Air                   2
   c - Repel Missiles                 Charms/Air                   2
   d - Static Discharge               Conjuration/Air              3
   e - Lightning Bolt                 Conjuration/Air              5
Comestibles
 b - 4 bread rations
 t - 2 slices of pizza
 x - a beef jerky
 I - 3 meat rations
 P - 4 chunks of flesh


   Skills:
 - Level 6.1 Slings
 - Level 2.0 Dodging
 - Level 2.6 Stealth
 * Level 10.4 Shields
 + Level 9.1 Unarmed Combat
 - Level 4.0 Spellcasting
 - Level 4.0 Necromancy
 * Level 5.7 Transmutations
 * Level 6.0 Earth Magic
 - Level 5.1 Invocations


You had 4 spell levels left.
You knew the following spells:

 Your Spells              Type           Power        Failure   Level  Hunger
a - Pain                  Necr           ###.         1%          1    None
b - Regeneration          Chrm/Necr      ##........   12%         3    ##.....
c - Animate Skeleton      Necr           N/A          1%          1    None
d - Vampiric Draining     Necr           ###.......   6%          3    ##.....
e - Statue Form           Trmt/Erth      ####.....    98%         6    #######


Dungeon Overview and Level Annotations

Branches:
Dungeon (13/15)            Temple (1/1) D:5            Lair (0/8) D:10
    Orc (0/2) D:11
 Vaults: D:13-14

Altars:
Ashenzari
Cheibriados
Dithmenos
Elyvilon
Fedhas
Gozag
Kikubaaqudgha
Nemelex Xobeh
Okawaru
Pakellas
Qazlal
Ru
Sif Muna
Trog
Xom
Yredelemnul
The Shining One

Shops:
D:5 }   D:6 [%?:(

Annotations:
D:6 M4edhros's ghost, novice OpNe
D:7 exclusion: door, M4edhros's ghost, novice OpNe
D:8 Zhenya25pyc's ghost, novice GrFi
D:13 exclusion: door


Innate Abilities, Weirdness & Mutations

You cannot wear most types of armour.
You are amphibious.
You can wear up to eight rings at the same time.
You can use your tentacles to constrict eight enemies at once.
Your skin changes colour to match your surroundings (Stealth).
Your rubbery body absorbs attacks (AC +1).
You are partially covered in rugged brown scales (AC +1, +3% HP).
Your mind is acute. (Int +2)
Your spells are a little easier to cast, but a little less powerful.


Message History

The manticore is severely wounded.
The manticore barely misses you. The manticore claws you!
* * * LOW HITPOINT WARNING * * *
The manticore claws you!
* * * LOW HITPOINT WARNING * * *
Your centaur skeleton completely misses the manticore.
You tentacle-slap the manticore.
The manticore is severely wounded.
Your centaur skeleton hits the manticore but does no damage.
You block the manticore's attack. x2; The manticore claws you.
* * * LOW HITPOINT WARNING * * *
Unknown command.
Unknown command.
Unknown command.
You tentacle-slap the manticore but do no damage.
You squeeze the manticore.
The manticore is severely wounded.
Your centaur skeleton hits the manticore!
You block the manticore's attack. The manticore claws you!
You die...

#...#..)..#....#...# #
##############.#...######...###+#
..............Z#....# #.....#..
...............#....+ #.....#..
...............#....# #.....#..
.....#############'######...####.
.....# ...............#........
.....# ...............#........
.....# .......@Z......#........
###### ########H#'#########...#
... ..#... #...#..รท.# ###
...#...)#...#....#
...#....'...'....#
....#....#...#....# .# #...#....#
.# #...#...## #...#.....


You could see a manticore and a friendly centaur skeleton.

Vanquished Creatures
  A centaur warrior (D:13)
  A hill giant (D:12)
  An ugly thing (D:13)
  A troll (D:12)
  Sigmund (D:5)
  15 yaks
  2 wyverns
  4 hippogriffs
  Edmund (D:5)
  7 orc warriors
  2 ice beasts
  3 eyes of draining
  3 ogres
  5 centaurs
  A crocodile (D:10)
  5 giant frogs
  Blork the orc (D:5)
  4 scorpions
  8 wights
  3 howler monkeys
  2 crimson imps
  A giant frog zombie (D:12)
  3 giant frog skeletons
  2 hounds
  6 orc priests
  8 centaur skeletons
  3 jellies
  An iguana (D:5)
  11 orc wizards
  4 worker ants
  3 hound zombies (D:7)
  2 worker ant zombies
  9 adders
  7 gnolls
  2 river rats (D:10)
  A shadow imp (D:6)
  2 oozes
  2 adder skeletons
  A worm (D:3)
  2 dart slugs
  6 giant geckos
  59 orcs
  16 bats
  7 giant cockroaches
  4 goblins
  9 hobgoblins
  12 jackals
  7 kobolds
  A quokka (D:2)
  3 ball pythons
  5 giant newts
  2 jackal skeletons
  10 rats
  A spectral orc (D:4)
  A fungus (D:10)
  A plant (D:10)
285 creatures vanquished.

Vanquished Creatures (collateral kills)
  Maud (D:13)
  An ugly thing (D:12)
  A manticore (D:12)
  A wraith (D:12)
  3 yaks (D:12)
  A centaur (D:12)
  A giant frog zombie (D:12)
  A centaur zombie (D:12)
  An orc wizard (D:11)
  3 orcs (D:11)
  A bat (D:10)
  A rat (D:10)
  7 fungi (D:10)
  A plant (D:10)
24 creatures vanquished.

Vanquished Creatures (others)
  A tengu warrior (D:13)
1 creature vanquished.

Grand Total: 310 creatures vanquished

Notes
Turn   | Place    | Note
--------------------------------------------------------------
     0 | D:1      | M4edhros the Octopode Necromancer began the quest for the Orb.
     0 | D:1      | Reached XP level 1. HP: 11/11 MP: 3/3
    36 | D:2      | Reached skill level 1 in Unarmed Combat
   158 | D:2      | Reached XP level 2. HP: 17/17 MP: 0/5
   250 | D:2      | Reached XP level 3. HP: 15/21 MP: 1/6
   255 | D:2      | Learned a level 3 spell: Regeneration
   451 | D:4      | Noticed a hippogriff
   545 | D:4      | Reached XP level 4. HP: 13/27 MP: 5/7
   705 | D:4      | Found a basalt altar of Yredelemnul.
   753 | D:5      | Entered Level 5 of the Dungeon
   849 | D:5      | Reached XP level 5. HP: 24/31 MP: 8/8
   879 | D:5      | Found a blossoming altar of Fedhas.
   887 | D:5      | Found Imimuze's Quality Used Wands.
   889 | D:5      | Noticed Edmund
   914 | D:5      | Noticed Sigmund
   931 | D:5      | Killed Sigmund
   931 | D:5      | Reached skill level 5 in Unarmed Combat
   931 | D:5      | Reached XP level 6. HP: 32/36 MP: 9/9
  1087 | D:6      | Found Souto's Weapon Shop.
  1118 | D:6      | Found a deep blue altar of Sif Muna.
  1201 | D:6      | Found an oddly glowing altar of Pakellas.
  1275 | D:6      | Found a sparkling altar of Nemelex Xobeh.
  1412 | D:6      | Reached XP level 7. HP: 26/41 MP: 0/10
  1465 | D:6      | Found Dirphugyu's Book Emporium.
  1518 | D:6      | Found Osep's Antique Armour Boutique.
  1525 | D:6      | Bought a glowing shield for 99 gold pieces
  1622 | D:6      | Found Ejim's Food Boutique.
  1688 | D:6      | Found Noprah's Magic Scroll Emporium.
  1696 | D:6      | Bought a scroll of teleportation for 30 gold pieces
  1721 | D:6      | Reached skill level 1 in Shields
  2045 | D:7      | Found a shadowy altar of Dithmenos.
  2119 | D:7      | Reached skill level 2 in Shields
  2170 | D:7      | Noticed M4edhros's ghost (novice OpNe)
  3160 | D:6      | Noticed M4edhros's ghost (novice OpNe)
  3225 | D:6      | Reached skill level 5 in Slings
  3225 | D:6      | Reached skill level 3 in Shields
  3225 | D:6      | Reached XP level 8. HP: 46/46 MP: 11/11
  3363 | D:5      | Found a staircase to the Ecumenical Temple.
  3385 | Temple   | Entered the Ecumenical Temple
  3415 | Temple   | Became a worshipper of Cheibriados the Contemplative
  3918 | D:3      | Reached * piety under Cheibriados
  4433 | D:1      | Reached ** piety under Cheibriados
  4501 | D:1      | Reached skill level 4 in Shields
  4915 | D:5      | Killed Edmund
  4915 | D:5      | Reached skill level 5 in Shields
  4920 | D:5      | Bought a wand of lightning (0/15) for 56 gold pieces
  4939 | D:5      | Noticed Blork the orc
  4947 | D:5      | Killed Blork the orc
  5065 | D:8      | Found a white marble altar of Elyvilon.
  5097 | D:8      | Reached XP level 9. HP: 40/51 MP: 12/12
  5110 | D:8      | Reached *** piety under Cheibriados
  5126 | D:8      | Reached skill level 6 in Shields
  5126 | D:8      | Reached skill level 1 in Invocations
  5277 | D:8      | Noticed Zhenya25pyc's ghost (novice GrFi)
  5283 | D:8      | Noticed a hill giant
  5419 | D:9      | Reached skill level 7 in Shields
  5530 | D:9      | Reached **** piety under Cheibriados
  5561 | D:10     | Entered Level 10 of the Dungeon
  5589 | D:10     | Learned a level 1 spell: Animate Skeleton
  5593 | D:10     | Learned a level 3 spell: Vampiric Draining
  5634 | D:10     | Gained mutation: You are partially covered in rugged brown scales (AC +1, +3% HP). [potion of mutation]
  5634 | D:10     | Gained mutation: Your spells are a little easier to cast, but a little less powerful. [potion of mutation]
  5634 | D:10     | Gained mutation: Your mind is acute. (Int +2) [potion of mutation]
  6054 | D:10     | Reached skill level 8 in Shields
  6091 | D:10     | Reached XP level 10. HP: 57/57 MP: 3/13
  6156 | D:10     | Found a staircase to the Lair.
  6161 | D:10     | Reached ***** piety under Cheibriados
  6213 | D:10     | Noticed a hill giant
  6300 | D:10     | Learned a level 6 spell: Statue Form
  6577 | D:11     | Reached skill level 1 in Earth Magic
  6589 | D:11     | Found a staircase to the Orcish Mines.
  6606 | D:11     | Reached skill level 1 in Transmutations
  6644 | D:11     | Noticed a white ugly thing
  7048 | D:12     | Noticed a hill giant
  7054 | D:12     | Killed a hill giant
  7054 | D:12     | Reached skill level 9 in Shields
  7123 | D:12     | Reached skill level 5 in Invocations
  7220 | D:12     | Reached XP level 11. HP: 56/62 MP: 17/17
  7260 | D:12     | Noticed a red ugly thing
  7265 | D:12     | Killed a red ugly thing
  7406 | D:12     | Noticed a manticore
  7418 | D:12     | Killed a manticore
  7453 | D:13     | Noticed a brown ugly thing
  7473 | D:13     | Killed a brown ugly thing
  7497 | D:13     | Reached skill level 5 in Earth Magic
  7707 | D:13     | Reached skill level 10 in Shields
  7749 | D:13     | Reached skill level 5 in Transmutations
  7839 | D:13     | Noticed Maud
  7858 | D:13     | Killed Maud
  7862 | D:13     | Noticed a tengu warrior
  7864 | D:13     | Banished a tengu warrior
  7888 | D:13     | Noticed a griffon
  7898 | D:13     | Noticed a centaur warrior
  7905 | D:13     | Killed a centaur warrior
  7964 | D:13     | Noticed a manticore
  7973 | D:13     | Slain by a manticore

Vault maps used:
D:1:      grunt_arrival_lava_bath, minmay_misc_feat_x, serial_bayou_pond_d
D:3:      first_bread, kennysheep_generic_room_8
D:4:      yredelemnul_forgotten_temple_becter
D:5:      lemuel_ice_spiral_2, fedhas_altar_1, temple_hall,
          nicolae_for_you_no_charge, uniq_sigmund, uniq_edmund,
          uniq_blork_the_orc
D:6:      grunt_temple_overflow_lords_of_destruction,
          nemelex_xobeh_ov_fountains_minmay, grunt_pakellas_salt, serial_shops,
          shop, nicolae_shop_trees, nicolae_shop_crystal,
          nicolae_shop_statue_plus, nicolae_shop_waterfront,
          lemuel_blue_sif_altar
D:7:      grunt_dithmenos_shadows
D:8:      zin_scriptorium, basic_altar
D:10:     grunt_lair_entry_orc_guard_hut, basic_altar
D:11:     hiddenorc2_lemuel
D:13:     grunt_vaults_entry_tiered, portal_ice_cave_entry_imps, serial_shops,
          kennysheep_mini_moat, uniq_maud
Temple:   circular_temple_12

Skill      XL: |  1  2  3  4  5  6  7  8  9 10 11 |
---------------+----------------------------------+-----
Unarmed Combat | 1 2 3 4 5 6 8 9 |  9.1
Slings         | 2 4 5 6 |  6.1
Shields        | 3 5 8 9 10 | 10.4
Invocations    | 3 5 |  5.1
Spellcasting   | 4 |  4.0
Earth Magic    | 3 6 |  6.0
Transmutations | 3 5 |  5.7
Dodging        | |  2.0
Stealth        | |  2.6
Necromancy     | |  4.0

Action                   |  1- 3 |  4- 6 |  7- 9 | 10-12 || total
-------------------------+-------+-------+-------+-------++-------
Melee: Unarmed           |    22 |    82 |   383 |   306 ||   793
       Constrict         |     4 |    14 |    85 |    61 ||   164
       Tentacles         |     5 |    24 |   106 |   136 ||   271
       Punch             |       |     6 |    19 |    48 ||    73
       War axe           |       |       |    15 |       ||    15
 Fire: Hunting sling     |       |       |    45 |     9 ||    54
Throw: Tomahawk          |       |       |     1 |       ||     1
 Cast: Pain              |    23 |     6 |       |     1 ||    30
       Regeneration      |       |     9 |     8 |    30 ||    47
       Animate Skeleton  |       |       |     4 |    27 ||    31
Invok: Slouch            |       |       |       |     4 ||     4
       Temporal Distorti |       |       |       |     1 ||     1
Evoke: Wand              |       |       |    11 |    25 ||    36
       Phantom mirror    |       |       |       |     1 ||     1
  Use: Scroll            |     1 |     7 |     7 |     9 ||    24
       Potion            |     1 |     3 |     8 |     6 ||    18
 Stab: Sleeping          |       |     1 |    17 |     7 ||    25
       Confused          |       |       |     5 |     1 ||     6
       Distracted        |       |       |     1 |     5 ||     6
  Eat: Chunk             |       |     4 |     8 |     7 ||    19
       Meat ration       |       |       |     1 |       ||     1
Armor: Skin              |     1 |       |   106 |    62 ||   169
Dodge: Dodged            |    18 |    37 |   140 |   109 ||   304
Block: Shield            |       |       |   172 |   214 ||   386
